 Dungeon Crawl Stone Soup version 0.30-a0-4-ga7cffc901d (webtiles) character file.

Game seed: 1711183742513143632

643750 Turgor the Evocator (level 27, -4/223 HPs)
             Began as a Gnoll Warper on Aug 19, 2022.
             Was the Champion of Cheibriados.
             Killed from afar by an ancient champion (31 damage)
             ... with an iron shot
             ... on level 2 of the Iron City of Dis on Aug 21, 2022.
             The game lasted 11:22:32 (68227 turns).

Turgor the Evocator (Gnoll Warper)                 Turns: 68227, Time: 11:22:32

Health: -4/223     AC: 30    Str: 38      XL:     27
Magic:  46/46      EV: 34    Int: 38 (39) God:    Cheibriados [******]
Gold:   6703       SH: 23    Dex: 41      Spells: 10/65 levels left

rFire   + + +      SeeInvis +    C - +9 broad axe (freeze)
rCold   + + +      Faith    .    K - +2 shield of Resistance {rF++ rC++ Will++}
rNeg    + + .      Spirit   .    B - +3 plate armour of Baldness {Str+3 Int+4 Dex+6}
rPois   .          Reflect  .    P - +1 hat "Yshrysa" {Fly rC+}
rElec   +          Harm     .    F - +1 cloak "Ojyis" {Contam rF+ Dex+4 SInv}
rCorr   .          Rampage  .    r - +2 pair of gloves {Str+3}
Will    +++++      Rage     3%   A - +1 pair of boots {Stlth+}
Stlth   +++++.....               x - amulet of regeneration
HPRegen 1.27/turn                b - ring "Yten" {Wiz Str+2 Dex+2}
MPRegen 0.30/turn                T - ring of Symmetry {rElec rN++ AC+4}

@: flying, studying 2 skills, corroded, very slow
A: fangs 1, strong nose, distributed training, claws 2, iridescent scales 1,
berserk 1, strong-willed 1
}: 5/15 runes: barnacled, slimy, silver, abyssal, gossamer
a: Renounce Religion, Bend Time, Temporal Distortion, Slouch, Step From Time


You were on level 2 of the Iron City of Dis.
You worshipped Cheibriados.
Cheibriados was exalted by your worship.
You visited 13 branches of the dungeon, and saw 55 of its levels.
You visited the Abyss 1 time.
You also visited: Trove, Gauntlet and Ice Cave.

You collected 8322 gold pieces.
You spent 1619 gold pieces at shops.

Inventory:

Hand Weapons
 C - a +9 broad axe of freezing (weapon)
Missiles
 z - 7 throwing nets
 N - 3 silver javelins
 R - 6 silver boomerangs
 V - 13 curare-tipped darts
Armour
 r - a +2 pair of gloves of strength (worn)
 A - a +1 pair of boots of stealth (worn)
 B - the +3 plate armour of Baldness (worn) {Str+3 Int+4 Dex+6}
   (You found it on level 3 of the Realm of Zot)

   Str:       It affects your strength (+3).
   Int:       It affects your intelligence (+4).
   Dex:       It affects your dexterity (+6).
 F - the +1 cloak "Ojyis" (worn) {Contam rF+ Dex+4 SInv}
   (You found it on level 12 of the Dungeon)

   Dex:       It affects your dexterity (+4).
   rF:        It protects you from fire.
   SInv:      It lets you see invisible.
   Contam:    It causes magical contamination when unequipped.
 K - the +2 shield of Resistance (worn) {rF++ rC++ Will++}
   (You acquired it on level 12 of the Dungeon)

   rF:        It greatly protects you from fire.
   rC:        It greatly protects you from cold.
   Will:      It greatly increases your willpower.
 P - the +1 hat "Yshrysa" (worn) {Fly rC+}
   (You found it in a Gauntlet)

   rC:        It protects you from cold.
   Fly:       It grants you flight.
Jewellery
 b - the ring "Yten" (left hand) {Wiz Str+2 Dex+2}
   (You found it in a treasure trove)

   [ring of wizardry]

   It improves your spell success rate.
   Str:       It affects your strength (+2).
   Dex:       It affects your dexterity (+2).
 d - the ring of Ahan {Ice +Blink Int+4}
   (You found it on level 3 of the Depths)

   [ring of ice]

   It enhances your ice magic.
   Int:       It affects your intelligence (+4).
   rF:        It makes you vulnerable to fire.
   rC:        It protects you from cold.
   +Blink:    It lets you blink.
 k - the amulet "Bear" {RegenMP rPois rC+ Dex+4}
   (You found it in a treasure trove)

   [amulet of magic regeneration]

   It increases your rate of magic regeneration.
   Dex:       It affects your dexterity (+4).
   rC:        It protects you from cold.
   rPois:     It protects you from poison.
 o - the amulet "Ydim" {Reflect rC+ Int+4 SH+5}
   (You found it in an ice cave)

   [amulet of reflection]

   It reflects blocked missile attacks.
   Int:       It affects your intelligence (+4).
   rC:        It protects you from cold.
   SH:        It affects your SH (+5).
 x - an amulet of regeneration (around neck)
 H - the ring "Jykhlyupu" {Fly rElec rPois Will- SInv}
   (You found it on level 5 of the Pits of Slime)

   [ring of see invisible]

   rElec:     It insulates you from electricity.
   rPois:     It protects you from poison.
   SInv:      It lets you see invisible.
   Fly:       It grants you flight.
   Will:      It decreases your willpower.
 L - the amulet of the Raven {Acrobat Str+3 Int+3 Dex-2 Stlth+}
   (You found it in a treasure trove)

   [amulet of the acrobat]

   It increases your evasion while moving and waiting.
   Str:       It affects your strength (+3).
   Int:       It affects your intelligence (+3).
   Dex:       It affects your dexterity (-2).
   Stlth:     It makes you more stealthy.
 M - a ring of resist corrosion
 T - the ring of Symmetry (right hand) {rElec rN++ AC+4}
   (You found it on level 2 of the Depths)

   [ring of protection]

   AC:        It affects your AC (+4).
   rElec:     It insulates you from electricity.
   rN:        It greatly protects you from negative energy.
Wands
 a - a wand of iceblast (28)
 g - a wand of digging (23)
 q - a wand of light (7)
Scrolls
 c - 4 scrolls of blinking
 f - 7 scrolls of magic mapping
 l - 2 scrolls of summoning
 m - 16 scrolls of teleportation
 u - 7 scrolls of amnesia
 w - 4 scrolls of silence
 y - 8 scrolls of fog
 D - 7 scrolls of poison
Potions
 e - 19 potions of curing
 h - 2 potions of cancellation
 i - 7 potions of might
 j - 10 potions of attraction
 p - 11 potions of mutation
 v - 8 potions of heal wounds
 E - 6 potions of brilliance
 G - 4 potions of magic
 I - 2 potions of resistance
 J - a potion of invisibility
 Q - 6 potions of berserk rage
 U - 8 potions of ambrosia
Miscellaneous
 n - a tin of tremorstones (2/2)
 s - a phantom mirror
 t - a condenser vane (inert)
 O - the horn of Geryon
 S - a phial of floods
 W - a lightning rod (4/4)
 Y - a box of beasts


   Skills:
 + Level 19.7 Fighting
 + Level 19.3 Short Blades
 + Level 19.3 Long Blades
 + Level 19.7 Axes
 + Level 19.3 Maces & Flails
 + Level 19.3 Polearms
 + Level 19.3 Staves
 + Level 19.3 Ranged Weapons
 + Level 22.8 Throwing
 + Level 19.4 Armour
 + Level 19.7 Dodging
 + Level 19.3 Stealth
 + Level 19.3 Shields
 + Level 19.3 Unarmed Combat
 + Level 19.8 Spellcasting
 + Level 16.4 Conjurations
 + Level 16.4 Hexes
 + Level 16.4 Summonings
 + Level 16.4 Necromancy
 + Level 17.2 Translocations
 + Level 16.4 Transmutations
 + Level 16.4 Fire Magic
 + Level 16.4 Ice Magic
 + Level 16.4 Air Magic
 + Level 16.4 Earth Magic
 + Level 16.4 Poison Magic
 + Level 20.8 Invocations
 + Level 23.0 Evocations


You had 10 spell levels left.
You knew the following spells:

 Your Spells              Type           Power      Damage    Failure   Level
a - Blink                 Tloc           100%       N/A       0%          2
b - Lesser Beckoning      Tloc           100%       N/A       0%          3
c - Call Canine Familiar  Summ           100%       N/A       0%          3
d - Manifold Assault      Tloc           100%       N/A       1%          5
e - Passwall              Tmut/Erth      86%        N/A       0%          2
f - Leda's Liquefaction   Hex/Erth       52%        N/A       1%          4
g - Statue Form           Tmut/Erth      69%        N/A       1%          6
h - Dispersal             Tloc           53%        N/A       1%          6
i - Sublimation of Blood  Necr           100%       N/A       0%          2
j - Wereblood             Tmut           100%       N/A       0%          2
k - Passage of Golubria   Tloc           100%       N/A       1%          4
l - Summon Lightning Spi  Summ/Air       100%       N/A       1%          4
m - Irradiate             Conj/Tmut      52%        3d29      1%          5
n - Storm Form            Tmut/Air       52%        N/A       1%          7

Your spell library contained the following spells:

 Spells                   Type           Power      Damage    Failure   Level
 Beastly Appendage        Tmut           100%       N/A       0%          1
 Foxfire                  Conj/Fire      100%       2x1d9     0%          1
 Necrotise                Necr           100%       1d9       0%          1
 Sandblast                Erth           100%       2d20      0%          1
 Shock                    Conj/Air       100%       1d9       0%          1
 Slow                     Hex            100%       N/A       0%          1
 Sting                    Tmut/Pois      100%       1d8       0%          1
 Summon Small Mammal      Summ           100%       N/A       0%          1
 Ensorcelled Hibernation  Hex/Ice        100%       N/A       0%          2
 Poisonous Vapours        Pois/Air       100%       N/A       0%          2
 Static Discharge         Conj/Air       100%       3-16/arc  0%          2
 Confusing Touch          Hex            100%       N/A       0%          3
 Conjure Flame            Conj/Fire      100%       6-21      0%          3
 Gell's Gravitas          Tloc           100%       N/A       0%          3
 Ignite Poison            Fire/Tmut/Pois 100%       N/A       0%          3
 Inner Flame              Hex/Fire       100%       N/A       0%          3
 Ozocubu's Armour         Ice            100%       N/A       0%          3
 Portal Projectile        Hex/Tloc       100%       N/A       0%          3
 Spider Form              Tmut/Pois      100%       N/A       0%          3
 Stone Arrow              Conj/Erth      100%       3d13      0%          3
 Swiftness                Air            100%       N/A       0%          3
 Teleport Other           Tloc           100%       N/A       0%          3
 Tukima's Dance           Hex            100%       N/A       0%          3
 Vampiric Draining        Necr           100%       2d13      0%          3
 Airstrike                Air            52%        2d(8-24)  1%          4
 Cause Fear               Hex            52%        N/A       1%          4
 Corpse Rot               Necr/Pois/Air  100%       N/A       1%          4
 Dispel Undead            Necr           100%       3d31      1%          4
 Flame Wave               Conj/Fire      100%       2d21      1%          4
 Olgreb's Toxic Radiance  Pois           100%       N/A       1%          4
 Petrify                  Tmut/Erth      100%       N/A       1%          4
 Sticky Flame             Conj/Fire      100%       2d11      1%          4
 Summon Ice Beast         Ice/Summ       100%       N/A       1%          4
 Agony                    Necr           100%       N/A       1%          5
 Alistair's Intoxication  Tmut/Pois      69%        N/A       1%          5
 Blade Hands              Tmut           52%        N/A       1%          5
 Freezing Cloud           Conj/Ice/Air   52%        6-21      1%          5
 Iskenderun's Battlesphe  Conj           100%       2d15      1%          5
 Lightning Bolt           Conj/Air       52%        1d73      1%          5
 Metabolic Englaciation   Hex/Ice        52%        N/A       1%          5
 Silence                  Hex/Air        52%        N/A       1%          5
 Summon Mana Viper        Hex/Summ       100%       N/A       1%          5
 Death Channel            Necr           52%        N/A       1%          6
 Simulacrum               Ice/Necr       52%        N/A       1%          6
 Dragon Form              Tmut           52%        N/A       1%          7
 Haunt                    Necr/Summ      52%        N/A       1%          7
 Monstrous Menagerie      Summ           52%        N/A       1%          7
 Summon Hydra             Summ           52%        N/A       1%          7
 Disjunction              Tloc           53%        N/A       8%          8
 Discord                  Hex            52%        N/A       11%         8
 Lehudib's Crystal Spear  Conj/Erth      52%        10d12     11%         8
 Maxwell's Capacitive Co  Air            52%        ∞         11%         8
 Polar Vortex             Ice            52%        N/A       80%         9


Dungeon Overview and Level Annotations

Branches:
Dungeon (15/15)            Temple (1/1) D:5            Lair (5/5) D:11
 Shoals (4/4) Lair:2       Spider (4/4) Lair:3        Slime (5/5) Lair:4
    Orc (2/2) D:12            Elf (3/3) Orc:2        Vaults (5/5) D:13
  Crypt (0/3) Vaults:3     Depths (4/4) D:15           Hell (visited)
    Dis (1/7) Hell            Geh (0/7) Hell            Coc (0/7) Hell
    Tar (0/7) Hell            Zot (4/5) Depths:4      IceCv (visited)
Gauntlet (visited)

Altars:
Ashenzari
Cheibriados
Dithmenos
Elyvilon
Fedhas
Gozag
Hepliaklqana
Kikubaaqudgha
Makhleb
Nemelex Xobeh
Okawaru
Qazlal
Ru
Sif Muna
Trog
Uskayaw
Vehumet
Wu Jian
Xom
Yredelemnul
Zin
The Shining One
Jiyva

Shops:
D:10 [   D:13 (*?*   Orc:2 *((   Shoals:2 =

Portals:
Hell: Depths:1 Depths:2 Depths:3 Depths:4
Abyss: Depths:1 Depths:2 Depths:3 Depths:4
Pandemonium: Depths:2 Depths:4
Ziggurat: Depths:1

Annotations:
Depths:1 3 transporters
Zot:4 exclusions: door and oklob plant


Innate Abilities, Weirdness & Mutations

You have very sharp teeth.
Your uncanny sense of smell can sniff out nearby items.
Your experience applies equally to all skills.
You have very sharp fingernails.
You are partially covered in iridescent scales. (AC +2)
You sometimes lose your temper in combat.
You are strong-willed. (Will+)


Message History

You slash the ancient champion!
You bite the ancient champion, but do no damage.
The ancient champion is almost destroyed.
The tormentor calls on the powers of darkness!
Your body is wracked with pain!
You block the ancient champion's attack.
Unknown command.
You hit the ancient champion but do no damage.
You bite the ancient champion, but do no damage.
The ancient champion is almost destroyed.
The ancient champion completely misses you.
You barely miss the tormentor.
You bite the tormentor, but do no damage.
You hit the ancient champion.
The tormentor calls on the powers of darkness!
Your body is wracked with pain!
* * * LOW HITPOINT WARNING * * *
The ancient champion points at you and mumbles some strange words.
The iron shot hits you!!
* * * LOW HITPOINT WARNING * * *
Unknown command.
You slash the tormentor! You freeze the tormentor.
The tormentor is heavily wounded.
You hit the ancient champion but do no damage.
The tormentor misses you. You block the tormentor's attack.
The ancient champion closely misses you.
Unknown command.
Unknown command.
You slash the tormentor! You freeze the tormentor.
You kill the tormentor!
Cheibriados thoroughly appreciates the change of pace.
You barely miss the ancient champion.
You block the ancient champion's attack.
Unknown command.
You completely miss the ancient champion.
You bite the ancient champion, but do no damage.
The ancient champion is severely damaged.
The ancient champion casts a spell at you.
The iron shot hits you!!
You die...

**#+##***,,,,,*,,,,+,,,,*
,,....,,*+*****,,,.#,,,,*
,,.....,*,,,,,*,,,.#,,,,*
,,.....,*,,⌠,,*,,,.###+##
,,..>...+,,,,,####'#....#
,,......##+####....#....#
,,......†.....+....#....#
,,,,,,,,#.....#....#....#
,,,,,,,,#.....#z@..'....#
********#################


You could see an ancient champion (fast).

Vanquished Creatures
  the Royal Jelly (Slime:5)
  A dread lich (Vaults:5)
  An orb of fire (Zot:2)
  A juggernaut (Depths:3)
  Sojobo (Vaults:5)
  Boris (Depths:3)
  2 Killer Klowns (Zot:4)
  A curse toe (Zot:4)
  Bai Suzhen (Elf:3)
  4 caustic shrikes (Dis:2)
  Geryon (Hell)
  10 golden dragons
  4 bone dragons
  A Tzitzimitl (Depths:2)
  A profane servitor (Abyss:2)
  Arachne (Spider:3)
  2 doom hounds (Depths:2)
  4 hellephants
  15 tentacled monstrosities
  Jorgrun (Elf:2)
  7 liches
  4 titans
  A walking earthen tome (Depths:3)
  2 deep elf master archers (Elf:3)
  Grunn (Depths:2)
  3 deep elf blademasters
  11 death cobs
  Murray (Hell)
  A walking frostbound tome (Depths:3)
  21 acid blobs
  5 quicksilver dragons
  3 tentacled starspawn
  3 ancient champions (Hell)
  10 storm dragons
  5 sphinxes
  A kraken (Shoals:2)
  8 shadow dragons
  8 tengu reavers
  7 azure jellies
  11 rockslimes
  4 fire giants
  An iron dragon (Depths:3)
  The ghost of Tommers the Thaumaturge, an adept DjFE of Gozag (Spider:4)
  12 frost giants
  2 draconian knights
  The ghost of Figootz the Severer, a journeyman DDFi of Makhleb (D:15)
  2 balrugs (Hell)
  2 draconian scorchers
  5 deep elf sorcerers
  3 emperor scorpions
  25 vault wardens
  Aizul (Vaults:4)
  7 deep elf elementalists (Elf:3)
  2 spriggan defenders (Depths:3)
  5 ghost moths
  3 draconian shifters
  6 quicksilver oozes
  8 reapers
  6 war gargoyles
  2 draconian stormcallers
  2 draconian annihilators
  24 ironbound preservers
  12 very ugly things
  3 broodmothers
  14 stone giants
  5 green draconians
  6 ironbound thunderhulks
  3 deep elf demonologists
  A putrid mouth (Depths:2)
  A lorocyproca (Hell)
  6 black draconians
  5 vampire knights
  16 dire elephants
  3 purple draconians
  8 yellow draconians
  5 white draconians
  18 spark wasps
  5 deep elf annihilators (Elf:3)
  9 red draconians
  A minotaur (Gauntlet)
  An eidolon (Vaults:3)
  3 crystal guardians
  11 ettins
  5 entropy weavers
  An iron golem (Dis:2)
  5 deep elf death magi
  5 blizzard demons
  Josephine (D:15)
  4 merfolk javelineers
  5 deep elf high priests
  13 great orbs of eyes
  16 yaktaur captains
  19 merfolk impalers
  A fire dragon (shapeshifter) (Depths:3)
  9 fire dragons
  Harold (Lair:2)
  2 hell beasts
  2 rakshasas (Depths:2)
  39 vault guards
  9 boulder beetles
  2 spriggan air magi
  19 ice dragons
  4 ogre magi (Vaults:5)
  4 radroaches (Spider:4)
  A death knight (D:12)
  2 merfolk avatars
  12 ironbound frosthearts
  3 merfolk aquamancers
  17 centaur warriors
  10 hydras
  A catoblepas (Shoals:3)
  3 alligator snapping turtles (Shoals:4)
  A jorogumo (Spider:4)
  2 peacekeepers
  12 two-headed ogres
  32 dancing weapons
  A jorogumo (shapeshifter) (Depths:3)
  An alligator (shapeshifter) (Vaults:5)
  2 satyrs
  5 tengu warriors
  13 deep troll earth magi
  13 death yaks
  4 hell hogs
  6 deep troll shamans
  8 thrashing horrors
  2 orc high priests
  14 sun demons
  7 spriggan berserkers
  8 soul eaters
  Sonja (Lair:1)
  Nergalle (Lair:1)
  4 hell knights
  4 wretched stars
  23 deep elf knights
  2 sixfirhies
  3 iron trolls
  2 shadow wraiths (Hell)
  A fire crab (shapeshifter) (Depths:2)
  A spatial maelstrom (Abyss:3)
  8 pharaoh ants
  A sun moth (Spider:4)
  13 sea snakes
  A swamp dragon (shapeshifter) (Depths:3)
  A deep troll (shapeshifter) (Depths:2)
  2 flayed ghosts
  17 large abominations
  12 orb spiders
  93 deep trolls
  10 steelbarb worms
  An orange crystal statue (IceCv)
  4 phantasmal warriors (Hell)
  12 deep elf archers
  9 glowing orange brains
  21 ironbound convokers
  A harpy (shapeshifter) (Depths:3)
  10 lindwurms
  31 deep elf zephyrmancers
  4 orc knights
  5 wizards
  13 harpies
  20 wolf spiders
  A necromancer (Vaults:5)
  38 deep elf pyromancers
  A mana viper (shapeshifter) (D:14)
  5 oklob plants (Zot:4)
  17 cyclopes
  3 orc sorcerers
  A wolf spider (shapeshifter) (Vaults:5)
  2 fauns (shapeshifter) (Depths:3)
  2 worldbinders
  18 ugly things
  17 manticores
  A cyclops (shapeshifter) (Depths:3)
  10 fauns
  9 elephants
  26 moths of wrath
  An apocalypse crab (Abyss:3)
  3 merfolk sirens
  A black mamba (shapeshifter) (Abyss:3)
  4 molten gargoyles (Hell)
  2 black mambas (Lair:5)
  2 water nymphs
  A water nymph (shapeshifter) (Depths:3)
  Maggie (D:6)
  10 cane toads
  6 torpor snails
  8 smoke demons
  15 vault sentinels
  5 gargoyles
  2 orange demons
  2 eyes of devastation
  4 komodo dragons
  11 demonic crawlers
  8 storm dragon simulacra (IceCv)
  2 unseen horrors
  5 freezing wraiths
  A hellion (Abyss:3)
  4 rime drakes (Lair:5)
  2 kobold demonologists
  2 tormentors
  3 ice devils
  3 efreet
  An unseen horror (shapeshifter) (Depths:3)
  28 yaktaurs
  5 tengu conjurers
  A hellwing (Depths:4)
  6 golden dragon simulacra (IceCv)
  6 meliai
  11 trolls
  An ancient zyme (Abyss:3)
  28 merfolk
  11 wind drakes
  A harpy zombie (Abyss:3)
  2 polar bears
  A meliai (shapeshifter) (Depths:3)
  2 tarantellas (shapeshifter) (Depths:3)
  A wind drake (shapeshifter) (Vaults:5)
  28 tarantellas
  16 hornets
  A slime creature (shapeshifter) (Depths:3)
  3 tyrant leeches (Lair:5)
  103 slime creatures
  10 snapping turtles
  3 raiju (Abyss:3)
  23 blink frogs
  A dream sheep (shapeshifter) (Vaults:5)
  A raiju (shapeshifter) (Vaults:5)
  2 dream sheep (Shoals:3)
  2 vampires
  25 culicivoras
  34 jumping spiders
  2 shadows (D:10)
  An air elemental (Elf:2)
  A centaur simulacrum (D:12)
  7 wraiths
  6 basilisks
  5 spriggans
  16 water elementals
  36 yaks
  A basilisk (shapeshifter) (Depths:3)
  7 ynoxinuls
  A human (shapeshifter) (Depths:3)
  2 golden eyes (Slime:5)
  2 fire elementals
  10 vampire mosquitoes
  2 neqoxecs
  51 redbacks
  3 wargs
  6 spatial vortices (Abyss:3)
  Menkaure (D:6)
  An acid dragon (D:12)
  A floating eye (Depths:2)
  4 hell hounds
  11 water moccasins
  4 sky beasts (D:7)
  A swamp drake (shapeshifter) (Depths:3)
  32 orc warriors
  11 ogres
  2 ice dragon simulacra (IceCv)
  6 black bears
  21 centaurs
  A centaur (shapeshifter) (Depths:3)
  4 wolves (Lair:1)
  8 small abominations
  A phantom (D:5)
  A kobold brigand (D:6)
  9 bullfrogs
  4 gnoll sergeants
  A necrophage (D:4)
  An earth elemental (Elf:3)
  2 scorpions
  A hornet simulacrum (D:14)
  3 wights (D:5)
  3 killer bees (D:9)
  4 lindwurm simulacra (IceCv)
  7 electric eels
  3 howler monkeys
  2 jellies (D:6)
  2 gnoll boudas
  9 orc priests
  4 hounds (D:6)
  4 iron imps
  Ijyb (D:5)
  Jessica (D:2)
  6 iguanas
  15 orc wizards
  3 hell rats (Hell)
  Robin (D:2)
  23 gnolls
  A gnoll (shapeshifter) (Vaults:5)
  7 adders
  4 river rats
  A shadow imp (Abyss:3)
  2 white imps (Vaults:1)
  9 ufetubi
  3 worms
  6 dart slugs
  77 orcs
  6 bats
  15 endoplasms
  8 giant cockroaches
  19 goblins
  9 hobgoblins
  3 jackals (D:1)
  2 quokkas
  8 ball pythons
  4 frilled lizards
  9 kobolds
  3 rats
  2 bushes (Zot:4)
  2 starspawn tentacles (Abyss:3)
  3 tentacles (Shoals:2)
2301 creatures vanquished.

Vanquished Creatures (collateral kills)
  Asterion (Vaults:2)
  Polyphemus (Shoals:3)
  A draconian annihilator (Zot:2)
  A purple draconian (Zot:4)
  3 yellow draconians
  An ettin (D:12)
  The ghost of MCDelver the Thaumaturge, a journeyman DjCj of Ashenzari (D:9)
  3 hydras
  2 catoblepae
  The ghost of vurker the Grappler, a novice TrEn of Ru (D:9)
  A merfolk avatar (Shoals:3)
  An ogre mage (D:14)
  2 two-headed ogres
  3 death yaks
  A deep elf knight (Elf:2)
  A sea snake (Shoals:1)
  A deep troll (Vaults:2)
  A lindwurm (Lair:5)
  2 phantasmal warriors
  An ironbound convoker (Vaults:2)
  A deep elf zephyrmancer (Elf:2)
  3 orc knights
  3 ugly things
  2 deep elf pyromancers
  4 cyclopes
  4 fauns (Shoals:2)
  An orc sorcerer (Orc:2)
  A black mamba (shapeshifter) (D:14)
  A manticore (D:12)
  A moth of wrath (Zot:2)
  2 merfolk sirens
  A vault sentinel (Vaults:2)
  2 elephants (Lair:4)
  3 torpor snails (Lair:5)
  3 cane toads
  A komodo dragon (Lair:4)
  An unseen horror (D:12)
  A freezing wraith (D:14)
  A kobold demonologist (D:14)
  A troll (D:12)
  A merfolk (Shoals:1)
  A tyrant leech (Lair:5)
  A wind drake (Shoals:1)
  A hornet (Lair:5)
  2 slime creatures (D:11)
  8 blink frogs
  2 dream sheep (Lair:5)
  A snapping turtle (Shoals:1)
  A shadow (D:12)
  A centaur simulacrum (D:14)
  A wraith (D:15)
  12 yaks
  A redback (Spider:1)
  A small abomination (Abyss:3)
  7 water moccasins
  8 orc warriors
  A swamp drake (D:12)
  A floating eye (Lair:4)
  A black bear (Lair:1)
  A wolf (Lair:1)
  An ogre (Orc:1)
  5 centaurs
  A kobold brigand (D:14)
  4 bullfrogs
  A lindwurm simulacrum (IceCv)
  2 orc priests
  4 orc wizards
  17 orcs
154 creatures vanquished.

Vanquished Creatures (others)
  A lich (Vaults:5)
  A death cob (Zot:1)
  A fire giant (Depths:2)
  A draconian knight (Depths:4)
  A deep elf elementalist (Elf:3)
  A deep elf archer (Elf:1)
  3 deep elf zephyrmancers
  A snapping turtle (Shoals:1)
  A hell rat (Hell)
  A bush (Lair:2)
  2 demonic plants (Gauntlet)
  28 fungi
  A lurking horror (Abyss:3)
  145 plants
  4 starspawn tentacles
  10 tentacles (Shoals:2)
  12 toadstools (Lair:4)
  19 withered plants
233 creatures vanquished.

Grand Total: 2688 creatures vanquished

Notes
Turn   | Place    | Note
-------+----------+-------------------------------------------
     0 | D:1      | Turgor the Gnoll Warper began the quest for the Orb.
     0 | D:1      | Reached XP level 1. HP: 20/20 MP: 6/6
   212 | D:1      | Reached XP level 2. HP: 23/26 MP: 7/7
   215 | D:1      | Learned a level 2 spell: Blink
   902 | D:1      | Reached skill level 5 in Spellcasting
   902 | D:1      | Reached XP level 3. HP: 27/31 MP: 7/9
  1409 | D:1      | Reached skill level 1 in Invocations
  1423 | D:1      | Learned a level 3 spell: Call Canine Familiar
  1427 | D:1      | Learned a level 3 spell: Lesser Beckoning
  1775 | D:2      | Reached skill level 1 in Short Blades
  1775 | D:2      | Reached skill level 1 in Long Blades
  1775 | D:2      | Reached skill level 1 in Maces & Flails
  1775 | D:2      | Reached skill level 1 in Polearms
  1775 | D:2      | Reached skill level 1 in Staves
  1775 | D:2      | Reached skill level 1 in Ranged Weapons
  1775 | D:2      | Reached skill level 1 in Stealth
  1775 | D:2      | Reached skill level 1 in Shields
  1775 | D:2      | Reached skill level 1 in Unarmed Combat
  1775 | D:2      | Reached skill level 1 in Evocations
  2109 | D:2      | Reached XP level 4. HP: 26/38 MP: 11/11
  2209 | D:2      | Noticed Robin
  2250 | D:2      | Killed Robin
  2251 | D:2      | Reached skill level 1 in Conjurations
  2251 | D:2      | Reached skill level 1 in Hexes
  2251 | D:2      | Reached skill level 1 in Summonings
  2251 | D:2      | Reached skill level 1 in Necromancy
  2251 | D:2      | Reached skill level 1 in Transmutations
  2251 | D:2      | Reached skill level 1 in Fire Magic
  2251 | D:2      | Reached skill level 1 in Ice Magic
  2251 | D:2      | Reached skill level 1 in Air Magic
  2251 | D:2      | Reached skill level 1 in Earth Magic
  2251 | D:2      | Reached skill level 1 in Poison Magic
  2692 | D:2      | Noticed Jessica
  2697 | D:2      | Killed Jessica
  2698 | D:2      | Reached XP level 5. HP: 33/43 MP: 12/12
  3807 | D:3      | Noticed a black bear
  3821 | D:3      | Killed a black bear
  3822 | D:3      | Reached XP level 6. HP: 34/50 MP: 14/14
  3934 | D:3      | Found a blossoming altar of Fedhas.
  3938 | D:3      | Reached skill level 5 in Fighting
  3938 | D:3      | Reached skill level 5 in Axes
  3938 | D:3      | Reached skill level 5 in Dodging
  3952 | D:3      | Found a shimmering altar of Xom.
  4042 | D:3      | Reached skill level 2 in Evocations
  4403 | D:4      | Found a hazy altar of Hepliaklqana.
  4657 | D:4      | Found a white marble altar of Elyvilon.
  4896 | D:5      | Entered Level 5 of the Dungeon
  5040 | D:5      | Reached XP level 7. HP: 56/56 MP: 15/15
  5212 | D:5      | Noticed Ijyb
  5220 | D:5      | Killed Ijyb
  5566 | D:5      | Found an opulent altar of Gozag.
  5654 | D:5      | Found a bloodstained altar of Trog.
  5688 | D:5      | Found a staircase to the Ecumenical Temple.
  5697 | Temple   | Entered the Ecumenical Temple
  5704 | Temple   | Became a worshipper of Cheibriados the Contemplative
  5932 | D:5      | Reached skill level 3 in Evocations
  5932 | D:5      | Reached XP level 8. HP: 51/58 MP: 16/16
  6140 | D:6      | Noticed Maggie
  6174 | D:6      | Killed Maggie
  6322 | D:6      | Noticed Eustachio
  6323 | D:6      | Noticed Eustachio
  6323 | D:6      | Eustachio changed into Eustachio the river rat
  6334 | D:6      | Killed Eustachio the river rat
  6346 | D:6      | Reached * piety under Cheibriados
  6474 | D:6      | Noticed Menkaure
  6533 | D:6      | Killed Menkaure
  6534 | D:6      | Reached XP level 9. HP: 69/69 MP: 18/18
  6613 | D:6      | Reached skill level 4 in Evocations
  6650 | D:6      | Found a hide-covered altar of Uskayaw.
  6837 | D:6      | Reached skill level 5 in Throwing
  6837 | D:6      | Reached skill level 5 in Armour
  6940 | D:6      | Noticed Sigmund
  6941 | D:6      | Noticed Sigmund
  6941 | D:6      | Sigmund changed into Sigmund the iguana
  6954 | D:6      | Killed Sigmund the iguana
  6954 | D:6      | Reached ** piety under Cheibriados
  7069 | D:6      | Found a shimmering blue altar of Sif Muna.
  7195 | D:6      | Found an ornate altar of the Wu Jian Council.
  7388 | D:7      | Reached skill level 5 in Invocations
  7429 | D:7      | Noticed a troll
  7439 | D:7      | Killed a troll
  7555 | D:7      | Found a glowing golden altar of the Shining One.
  7785 | D:7      | Found a sacrificial altar of Ru.
  7851 | D:7      | Reached skill level 5 in Short Blades
  7851 | D:7      | Reached skill level 5 in Long Blades
  7851 | D:7      | Reached skill level 5 in Maces & Flails
  7851 | D:7      | Reached skill level 5 in Polearms
  7851 | D:7      | Reached skill level 5 in Staves
  7851 | D:7      | Reached skill level 5 in Ranged Weapons
  7851 | D:7      | Reached skill level 5 in Stealth
  7851 | D:7      | Reached skill level 5 in Shields
  7851 | D:7      | Reached skill level 5 in Unarmed Combat
  7851 | D:7      | Reached skill level 5 in Evocations
  7851 | D:7      | Reached XP level 10. HP: 61/77 MP: 20/20
  8395 | D:8      | Reached *** piety under Cheibriados
  8985 | D:8      | Found an ancient bone altar of Kikubaaqudgha.
  9285 | D:9      | Found a runed translucent gate.
  9286 | D:9      | Found a runed translucent gate.
  9287 | D:9      | Found a runed translucent gate.
  9293 | D:9      | Noticed vurker's ghost (novice TrEn)
  9293 | D:9      | Noticed MCDelver's ghost (journeyman DjCj)
  9578 | D:9      | Identified the +8 quarterstaff of Revolt {vorpal, rPois rC+
                  | rCorr Int+4}
  9734 | D:9      | Reached **** piety under Cheibriados
  9830 | D:9      | Found an iron altar of Okawaru.
  9938 | D:9      | Got Sif Muna's Papyrus of the Floating Throng
  9945 | D:9      | Learned a level 5 spell: Manifold Assault
 10013 | D:10     | Entered Level 10 of the Dungeon
 10045 | D:10     | Reached skill level 6 in Evocations
 10078 | D:10     | Found Ackueh's Armour Boutique.
 10178 | D:10     | Reached skill level 5 in Conjurations
 10178 | D:10     | Reached skill level 5 in Hexes
 10178 | D:10     | Reached skill level 5 in Summonings
 10178 | D:10     | Reached skill level 5 in Necromancy
 10178 | D:10     | Reached skill level 5 in Transmutations
 10178 | D:10     | Reached skill level 5 in Fire Magic
 10178 | D:10     | Reached skill level 5 in Ice Magic
 10178 | D:10     | Reached skill level 5 in Air Magic
 10178 | D:10     | Reached skill level 5 in Earth Magic
 10178 | D:10     | Reached skill level 5 in Poison Magic
 10188 | D:10     | Identified the +6 scale mail of Vukorip {+Blink rElec
                  | Int+3}
 10311 | D:10     | Killed an unseen horror
 10312 | D:10     | Reached XP level 11. HP: 74/85 MP: 21/23
 10544 | D:10     | Learned a level 2 spell: Passwall
 10813 | D:11     | Noticed a two-headed ogre
 10817 | D:11     | Noticed a cyclops
 10832 | D:11     | Killed a two-headed ogre
 10857 | D:11     | Killed a cyclops
 11013 | D:11     | HP: 1/86 [large slime creature (34)]
 11072 | D:11     | Noticed a two-headed ogre
 11084 | D:11     | Killed a two-headed ogre
 11291 | D:11     | Noticed a two-headed ogre
 11301 | D:11     | Killed a two-headed ogre
 11329 | D:11     | Noticed a manticore
 11342 | D:11     | Killed a manticore
 11618 | D:11     | Found a staircase to the Lair.
 11902 | D:12     | Noticed a boulder beetle
 11914 | D:12     | Killed a boulder beetle
 12006 | D:12     | Reached skill level 7 in Evocations
 12070 | D:12     | Noticed a two-headed ogre
 12081 | D:12     | Killed a two-headed ogre
 12082 | D:12     | Reached XP level 12. HP: 94/94 MP: 24/24
 12113 | D:12     | Identified a scroll of acquirement
 12119 | D:12     | Acquired the +2 shield of Resistance {rF++ rC++ Will++}
 12119 | D:12     | Found the +2 shield of Resistance {rF++ rC++ Will++}
 12154 | D:12     | Noticed a storm dragon
 12178 | D:12     | Noticed a deep troll earth mage
 12192 | D:12     | Noticed a stone giant
 12271 | Lair:1   | Entered Level 1 of the Lair of Beasts
 12278 | Lair:1   | Reached ***** piety under Cheibriados
 12530 | Lair:1   | Noticed Sonja
 12538 | Lair:1   | Killed Sonja
 12872 | Lair:1   | Noticed Nergalle
 12893 | Lair:1   | Killed Nergalle
 13165 | Lair:1   | Noticed a death yak
 13165 | Lair:1   | Noticed a death yak
 13165 | Lair:1   | Noticed a death yak
 13169 | Lair:1   | Noticed a death yak
 13181 | Lair:1   | Killed a death yak
 13190 | Lair:1   | Killed a death yak
 13195 | Lair:1   | Killed a death yak
 13209 | Lair:1   | Killed a death yak
 13518 | Lair:1   | Reached skill level 8 in Evocations
 13872 | Lair:2   | Reached XP level 13. HP: 98/101 MP: 22/26
 14126 | Lair:2   | Noticed Harold
 14140 | Lair:2   | Killed Harold
 14329 | Lair:2   | Found a staircase to the Shoals.
 14898 | Lair:3   | Found a hole to the Spider Nest.
 15253 | Lair:3   | Learned a level 4 spell: Leda's Liquefaction
 15296 | Lair:3   | Reached skill level 10 in Spellcasting
 15883 | Lair:4   | Reached ****** piety under Cheibriados
 15992 | Lair:4   | Reached skill level 10 in Fighting
 15992 | Lair:4   | Reached skill level 10 in Axes
 15992 | Lair:4   | Reached skill level 10 in Dodging
 16166 | Lair:4   | Found a viscous altar of Jiyva.
 16167 | Lair:4   | Found a staircase to the Slime Pits.
 16233 | Lair:4   | Paralysed by a floating eye for 4 turns
 16237 | Lair:4   | Reached skill level 9 in Evocations
 16613 | Lair:4   | Reached skill level 10 in Invocations
 16613 | Lair:4   | Reached XP level 14. HP: 107/110 MP: 28/28
 16653 | Lair:4   | Found a runed translucent door.
 17023 | Lair:5   | Entered Level 5 of the Lair of Beasts
 17529 | Lair:5   | Found a runed translucent door.
 17652 | Lair:5   | Reached skill level 10 in Throwing
 17652 | Lair:5   | Reached skill level 10 in Armour
 18126 | Lair:5   | Reached skill level 10 in Translocations
 18400 | Lair:5   | Reached skill level 10 in Short Blades
 18400 | Lair:5   | Reached skill level 10 in Long Blades
 18400 | Lair:5   | Reached skill level 10 in Maces & Flails
 18400 | Lair:5   | Reached skill level 10 in Polearms
 18400 | Lair:5   | Reached skill level 10 in Staves
 18400 | Lair:5   | Reached skill level 10 in Ranged Weapons
 18400 | Lair:5   | Reached skill level 10 in Stealth
 18400 | Lair:5   | Reached skill level 10 in Shields
 18400 | Lair:5   | Reached skill level 10 in Unarmed Combat
 18400 | Lair:5   | Reached skill level 10 in Evocations
 18573 | Lair:5   | Reached XP level 15. HP: 101/118 MP: 27/30
 19850 | D:12     | Killed a storm dragon
 20426 | D:12     | Identified the +1 cloak "Ojyis" {Contam rF+ Dex+4 SInv}
 20762 | D:12     | Learned a level 6 spell: Statue Form
 21166 | D:12     | Found a staircase to the Orcish Mines.
 21415 | D:13     | Found a gate leading to a gauntlet.
 21424 | Gauntlet | Entered a Gauntlet
 21424 | Gauntlet | Found a transporter.
 21424 | Gauntlet | Found a transporter.
 21431 | Gauntlet | Found a transporter.
 21445 | Gauntlet | Found a transporter.
 21448 | Gauntlet | Found the +3 robe of Clouds {*Thunder rCloud rElec}
 21463 | Gauntlet | Found a transporter.
 21477 | Gauntlet | Found a transporter.
 21497 | Gauntlet | Found a transporter.
 21574 | Gauntlet | Found a transporter.
 21582 | Gauntlet | Found a transporter.
 21583 | Gauntlet | Found the +3 pair of mountain boots {steadfast, rC+}
 21584 | Gauntlet | Noticed a balrug
 21592 | Gauntlet | Found a transporter.
 21595 | Gauntlet | Found a transporter.
 21632 | Gauntlet | Found a transporter.
 21641 | Gauntlet | Found a transporter.
 21832 | Gauntlet | Identified the +1 hat "Yshrysa" {Fly rC+}
 21876 | Gauntlet | Identified the +1 leather armour "Yripesal" {rC+}
 21876 | Gauntlet | Identified the +7 rapier "Kiyhopn" {freeze, rPois}
 22028 | D:13     | Found a gate to the Vaults.
 22248 | D:13     | Found Ceul's Assorted Antiques.
 22257 | D:13     | Bought a steel ring for 150 gold pieces
 22271 | D:13     | Found Pull's Magic Scroll Emporium.
 22289 | D:13     | Bought a scroll of teleportation for 51 gold pieces
 22563 | D:13     | Found Tenummeug's Weapon Boutique.
 23253 | D:13     | Found Jawi Hau's General Store.
 23381 | D:13     | Bought a potion of magic for 120 gold pieces
 23381 | D:13     | Bought a scroll of fog for 60 gold pieces
 23384 | D:13     | Found a glowing silver altar of Zin.
 24553 | D:14     | Reached XP level 16. HP: 127/127 MP: 30/32
 24934 | D:14     | Reached skill level 11 in Evocations
 25520 | D:14     | Found a shimmering altar of Xom.
 25623 | D:14     | Found a bloodstained altar of Trog.
 25623 | D:14     | Found a shimmering altar of Xom.
 25625 | D:14     | Found a shadowy altar of Dithmenos.
 25625 | D:14     | Found an ornate altar of the Wu Jian Council.
 25625 | D:14     | Found a shimmering altar of Xom.
 25916 | Orc:1    | Entered Level 1 of the Orcish Mines
 26246 | Orc:2    | Entered Level 2 of the Orcish Mines
 27937 | Orc:2    | Found Hiojoikh's Antique Armour Boutique.
 27937 | Orc:2    | Found Qiobb's Antique Weapon Shoppe.
 27937 | Orc:2    | Found Quum Ale's Assorted Antiques.
 27940 | Orc:2    | Found Luepni's Antique Weapon Shop.
 27946 | Orc:2    | Bought a potion of attraction for 96 gold pieces
 27951 | Orc:2    | Bought a runed broad axe for 161 gold pieces
 27951 | Orc:2    | Bought a bloodstained glaive for 264 gold pieces
 27951 | Orc:2    | Identified the +2 glaive of the Key {vamp, rN+ Stlth+} (You
                  | bought it in a shop on level 2 of the Orcish Mines)
 28220 | Orc:2    | Found a staircase to the Elven Halls.
 28540 | D:15     | Entered Level 15 of the Dungeon
 28579 | D:15     | Noticed Josephine
 28591 | D:15     | Killed Josephine
 28602 | D:15     | Learned a level 6 spell: Dispersal
 28972 | D:15     | Noticed Figootz's ghost (journeyman DDFi)
 28973 | D:15     | Found a runed translucent gate.
 28973 | D:15     | Found a runed translucent gate.
 28974 | D:15     | Found a runed translucent gate.
 29058 | D:15     | Found a staircase to the Depths.
 29478 | D:15     | Found a broken altar of Ashenzari.
 29807 | D:15     | Killed Figootz's ghost
 30040 | D:9      | Killed MCDelver's ghost
 30050 | D:9      | Killed vurker's ghost
 30511 | Shoals:1 | Entered Level 1 of the Shoals
 31533 | Shoals:1 | Reached XP level 17. HP: 114/135 MP: 23/33
 31805 | Shoals:1 | Reached skill level 10 in Conjurations
 31805 | Shoals:1 | Reached skill level 10 in Hexes
 31805 | Shoals:1 | Reached skill level 10 in Summonings
 31805 | Shoals:1 | Reached skill level 10 in Necromancy
 31805 | Shoals:1 | Reached skill level 10 in Transmutations
 31805 | Shoals:1 | Reached skill level 10 in Fire Magic
 31805 | Shoals:1 | Reached skill level 10 in Ice Magic
 31805 | Shoals:1 | Reached skill level 10 in Air Magic
 31805 | Shoals:1 | Reached skill level 10 in Earth Magic
 31805 | Shoals:1 | Reached skill level 10 in Poison Magic
 32617 | Shoals:2 | Reached skill level 12 in Evocations
 32730 | Shoals:2 | Learned a level 2 spell: Sublimation of Blood
 32733 | Shoals:2 | Learned a level 2 spell: Wereblood
 32875 | Shoals:2 | Noticed a kraken
 32901 | Shoals:2 | Killed a kraken
 33298 | Shoals:2 | Found Kiuhaos's Jewellery Emporium.
 33721 | Shoals:3 | Learned a level 4 spell: Passage of Golubria
 34011 | Shoals:3 | Noticed Polyphemus
 34048 | Shoals:3 | Killed Polyphemus
 34874 | Shoals:4 | Entered Level 4 of the Shoals
 35022 | Shoals:4 | Found a frozen archway.
 35052 | IceCv    | Entered an ice cave
 35168 | IceCv    | Reached XP level 18. HP: 140/143 MP: 35/35
 35418 | IceCv    | Noticed a golden dragon
 35419 | IceCv    | Upgraded the game from 0.30-a0-2-gf48d83f5e2 to
                  | 0.30-a0-4-ga7cffc901d
 35504 | IceCv    | Killed a golden dragon
 35511 | IceCv    | Identified the +0 pair of gloves "Ruebuc" {Dex+4}
 35567 | IceCv    | Identified the amulet "Ydim" {Reflect rC+ Int+4 SH+5}
 35914 | Shoals:4 | Found the +3 pair of seven-league boots {Rampage+∞}
 35973 | Shoals:4 | Got a barnacled rune of Zot
 36773 | Shoals:4 | Got the Volume of Context
 37499 | Spider:1 | Entered Level 1 of the Spider Nest
 37972 | Spider:1 | Reached skill level 13 in Evocations
 39458 | Spider:3 | Reached XP level 19. HP: 151/151 MP: 11/37
 39590 | Spider:3 | Noticed Arachne
 39614 | Spider:3 | Killed Arachne
 40873 | Spider:4 | Entered Level 4 of the Spider Nest
 41762 | Spider:4 | Found a runed translucent gate.
 41762 | Spider:4 | Found a runed translucent gate.
 41762 | Spider:4 | Found a runed translucent gate.
 41763 | Spider:4 | Noticed Tommers's ghost (adept DjFE)
 41778 | Spider:4 | Killed Tommers's ghost
 42026 | Spider:4 | Gained mutation: You are frail. (-10% HP) [mutagenic glow]
 42032 | Spider:3 | Gained mutation: You are weak. (Str -2) [mutagenic glow]
 42170 | Spider:3 | Lost mutation: You are weak. (Str -2) [potion of mutation]
 42170 | Spider:3 | Lost mutation: You are frail. (-10% HP) [potion of
                  | mutation]
 42170 | Spider:3 | Gained mutation: You have sharp fingernails. [potion of
                  | mutation]
 42170 | Spider:3 | Gained mutation: Your system is resistant to poisons.
                  | (rPois) [potion of mutation]
 42170 | Spider:3 | Gained mutation: You have very sharp fingernails. [potion
                  | of mutation]
 42496 | Spider:4 | Got a gossamer rune of Zot
 42859 | Elf:1    | Entered Level 1 of the Elven Halls
 43130 | Elf:1    | Reached skill level 15 in Invocations
 43223 | Elf:1    | You are sucked into a shaft and drop 1 floor!
 43248 | Elf:2    | Paralysed by an air elemental for 1 turns
 43498 | Elf:2    | Reached XP level 20. HP: 160/160 MP: 32/38
 43707 | Elf:2    | Reached skill level 14 in Evocations
 44526 | Elf:1    | Got Alesoqun's Incunabulum of the Unified Barrage
 44532 | Elf:1    | Learned a level 4 spell: Summon Lightning Spire
 44557 | Elf:1    | Learned a level 5 spell: Irradiate
 44740 | Elf:1    | Reached skill level 15 in Spellcasting
 44840 | Elf:2    | Noticed Jorgrun
 44845 | Elf:2    | Killed Jorgrun
 45048 | Elf:1    | Found an ancient bone altar of Kikubaaqudgha.
 45178 | Elf:2    | Found a runed translucent gate.
 45178 | Elf:2    | Found a runed translucent gate.
 45178 | Elf:2    | Found a runed translucent gate.
 45334 | Elf:2    | Reached skill level 15 in Fighting
 45334 | Elf:2    | Reached skill level 15 in Axes
 45334 | Elf:2    | Reached skill level 15 in Dodging
 45844 | Elf:3    | Entered Level 3 of the Elven Halls
 46305 | Elf:3    | Identified the +2 robe "Hayhelib" {rF+ Will- Str+7 Int+2}
 46325 | Elf:3    | Reached skill level 15 in Evocations
 46337 | Elf:3    | Reached XP level 21. HP: 157/168 MP: 4/40
 46624 | Elf:3    | Identified the +9 morningstar of the Howling Gods {vorpal,
                  | rPois rC+ Int+2 Dex-3 SInv}
 46624 | Elf:3    | Identified the ring "Bam Cour" {Will+ MP+9}
 46624 | Elf:3    | Noticed Bai Suzhen
 46636 | Elf:3    | Killed Bai Suzhen
 46691 | Elf:3    | Identified the +1 great sword of Sibloo Gegou {pain, Int+7
                  | Dex-2}
 46691 | Elf:3    | Identified the ring of Urowoo Cena {MP+9 Str+2}
 46739 | Elf:3    | Got the Octavo of Bloody Forms
 46756 | Elf:3    | Identified the +0 helmet "Ohuuheurgh" {Int+7}
 47026 | Elf:3    | Reached skill level 15 in Throwing
 47062 | Elf:3    | Reached skill level 15 in Armour
 47716 | D:13     | Bought a scroll of teleportation for 90 gold pieces
 47716 | D:13     | Bought a scroll of teleportation for 90 gold pieces
 47716 | D:13     | Bought a potion of brilliance for 120 gold pieces
 47730 | D:13     | Bought a scroll of poison for 68 gold pieces
 47730 | D:13     | Bought a scroll of summoning for 161 gold pieces
 47730 | D:13     | Bought a scroll of amnesia for 68 gold pieces
 47757 | D:13     | Bought a potion of invisibility for 120 gold pieces
 47815 | Vaults:1 | Entered Level 1 of the Vaults
 48366 | Vaults:1 | Reached skill level 15 in Short Blades
 48366 | Vaults:1 | Reached skill level 15 in Long Blades
 48366 | Vaults:1 | Reached skill level 15 in Maces & Flails
 48366 | Vaults:1 | Reached skill level 15 in Polearms
 48366 | Vaults:1 | Reached skill level 15 in Staves
 48366 | Vaults:1 | Reached skill level 15 in Ranged Weapons
 48366 | Vaults:1 | Reached skill level 15 in Stealth
 48366 | Vaults:1 | Reached skill level 15 in Shields
 48366 | Vaults:1 | Reached skill level 15 in Unarmed Combat
 48801 | Vaults:1 | Reached skill level 16 in Evocations
 49915 | Vaults:2 | Reached XP level 22. HP: 177/177 MP: 30/42
 49924 | Vaults:2 | Noticed Asterion
 49953 | Vaults:2 | Killed Asterion
 50444 | Vaults:2 | You are sucked into a shaft and drop 2 floors!
 50497 | Vaults:4 | Noticed Aizul
 50513 | Vaults:4 | Killed Aizul
 51002 | Vaults:4 | Reached skill level 17 in Evocations
 52163 | Vaults:3 | Reached XP level 23. HP: 185/185 MP: 43/43
 52195 | Vaults:3 | Found a staircase to the Crypt.
 53305 | Vaults:3 | Identified the +2 longbow "Nopnery" {freeze, rF+ rC+ MP+9}
 53699 | Depths:1 | Entered Level 1 of the Depths
 53804 | Depths:1 | Found a transporter.
 53804 | Depths:1 | Found a transporter.
 53806 | Depths:1 | Found a transporter.
 53806 | Depths:1 | Found a transporter.
 53834 | Depths:1 | Reached skill level 18 in Evocations
 53891 | Depths:1 | Found a one-way gateway to a ziggurat.
 54079 | Depths:1 | Found a portal to a secret trove of treasure.
 54137 | Depths:1 | Found a one-way gate to the infinite horrors of the Abyss.
 54255 | Depths:1 | Found a gateway to Hell.
 54263 | Depths:1 | Identified the +5 demon whip of the Shrinking Priest
                  | {venom, Fly rElec}
 54657 | Depths:1 | You paid a toll of +3 storm dragon scales to enter a
                  | treasure trove
 54658 | Trove    | Entered a treasure trove
 54667 | Trove    | Identified the ring "Yten" {Wiz Str+2 Dex+2}
 54669 | Trove    | Identified the amulet of Freedom {Faith Fly rElec Str+4}
 54674 | Trove    | Identified the amulet "Bear" {RegenMP rPois rC+ Dex+4}
 54696 | Trove    | Identified the amulet of Rubb {Faith rElec Int+4}
 54702 | Trove    | Identified the amulet of the Raven {Acrobat Str+3 Int+3
                  | Dex-2 Stlth+}
 54855 | Depths:2 | Noticed Grunn
 55067 | Depths:2 | Killed Grunn
 55427 | Depths:2 | Found a runed translucent door.
 55428 | Depths:2 | Found a burning altar of Makhleb.
 55457 | Depths:2 | Reached skill level 15 in Translocations
 55457 | Depths:2 | Paralysed by a floating eye for 2 turns
 55529 | Depths:2 | Found a runed translucent door.
 55534 | Depths:2 | Found a runed translucent door.
 55537 | Depths:2 | Found a runed translucent door.
 55595 | Depths:2 | Identified the ring of Symmetry {rElec rN++ AC+4}
 55629 | Depths:2 | Found a runed translucent door.
 55651 | Depths:2 | Reached XP level 24. HP: 195/195 MP: 34/44
 55708 | Depths:2 | Found a one-way gate leading to the halls of Pandemonium.
 56178 | Depths:3 | Noticed a juggernaut
 56191 | Depths:3 | Killed a juggernaut
 56451 | Depths:3 | Reached skill level 19 in Evocations
 56822 | Depths:3 | Identified the +7 falchion of Ziyjad {vamp, Str+3}
 56825 | Depths:3 | Identified the +8 halberd of Hard Scrabble {freeze, rElec
                  | rPois rC- rN+}
 56933 | Depths:3 | Identified the +3 leather armour of the Minstrel {rElec
                  | Will+ SInv Stlth-}
 56938 | Depths:3 | Identified the ring of Ahan {Ice +Blink Int+4}
 56966 | Depths:3 | Noticed Boris
 56981 | Depths:3 | Killed Boris
 57708 | Depths:4 | Entered Level 4 of the Depths
 58380 | Depths:4 | Found a gate to the Realm of Zot.
 59139 | D:13     | Learned a level 7 spell: Storm Form
 59311 | Vaults:5 | Entered Level 5 of the Vaults
 59328 | Vaults:5 | Reached XP level 25. HP: 172/203 MP: 44/44
 59462 | Vaults:5 | Found the +7 Spriggan's Knife {stab, EV+4 Stlth+}
 59568 | Vaults:5 | Reached skill level 20 in Evocations
 59590 | Vaults:5 | Identified the ring "Toqepra" {rC+ Will+ Dex+4}
 59624 | Vaults:5 | Identified the +8 longbow of Distant Shores {vorpal, Int+4
                  | Dex+2}
 59668 | Vaults:5 | Got a silver rune of Zot
 59827 | Vaults:5 | Identified the +11 longbow "Izeawock" {freeze, Str+3}
 59845 | Vaults:5 | Noticed a dread lich
 59866 | Vaults:5 | Killed a dread lich
 59922 | Vaults:5 | Noticed Sojobo
 59936 | Vaults:5 | Killed Sojobo
 60145 | Vaults:5 | Reached skill level 15 in Conjurations
 60145 | Vaults:5 | Reached skill level 15 in Hexes
 60145 | Vaults:5 | Reached skill level 15 in Summonings
 60145 | Vaults:5 | Reached skill level 15 in Necromancy
 60145 | Vaults:5 | Reached skill level 15 in Transmutations
 60145 | Vaults:5 | Reached skill level 15 in Fire Magic
 60145 | Vaults:5 | Reached skill level 15 in Ice Magic
 60145 | Vaults:5 | Reached skill level 15 in Air Magic
 60145 | Vaults:5 | Reached skill level 15 in Earth Magic
 60145 | Vaults:5 | Reached skill level 15 in Poison Magic
 60230 | Vaults:5 | Identified the +8 halberd of Ihiefurch {venom, *Corrode rC+
                  | Int+6}
 60236 | Vaults:5 | Identified the +6 mace of Ghostly Expedience {venom, rF+
                  | rCorr}
 60862 | Vaults:5 | Identified the +10 shortbow of the Cup {venom, Str+3 Int+4}
 61579 | Depths:1 | Voluntarily entered the Abyss.
 61703 | Abyss:2  | Identified the +3 robe "Meoc Abe" {-Cast rPois rC+ Str+4}
 61945 | Abyss:2  | Found a corrupted altar of Lugonu.
 62025 | Abyss:3  | Reached XP level 26. HP: 213/213 MP: 45/45
 62395 | Abyss:3  | Reached skill level 21 in Evocations
 62648 | Abyss:3  | Found a corrupted altar of Lugonu.
 62670 | Abyss:3  | Got an abyssal rune of Zot
 62732 | Depths:1 | Escaped the Abyss
 62826 | Zot:1    | Entered Level 1 of the Realm of Zot
 64078 | Zot:2    | Noticed an orb of fire
 64091 | Zot:2    | Gained mutation: You are dopey. (Int -2) [an orb of fire]
 64093 | Zot:2    | Gained mutation: You have hidden genetic defects. [an orb
                  | of fire]
 64095 | Zot:2    | Killed an orb of fire
 64107 | Zot:2    | Lost mutation: You have hidden genetic defects. [potion of
                  | mutation]
 64107 | Zot:2    | Lost mutation: Your system is resistant to poisons. (rPois)
                  | [potion of mutation]
 64107 | Zot:2    | Lost mutation: You are dopey. (Int -2) [potion of mutation]
 64107 | Zot:2    | Gained mutation: You sometimes lose your temper in combat.
                  | [potion of mutation]
 64107 | Zot:2    | Gained mutation: You are strong-willed. (Will+) [potion of
                  | mutation]
 64107 | Zot:2    | Gained mutation: You are partially covered in iridescent
                  | scales. (AC +2) [potion of mutation]
 64607 | Zot:3    | Identified the +3 plate armour of Baldness {Str+3 Int+4
                  | Dex+6}
 64887 | Zot:3    | You are sucked into a shaft and drop 1 floor!
 65485 | Zot:3    | Identified the +3 broad axe of Uskayaw's Respect {vorpal,
                  | Will+ Stlth+}
 65610 | Zot:4    | Reached XP level 27. HP: 221/221 MP: 46/46
 65739 | Zot:4    | Reached skill level 22 in Evocations
 66386 | Slime:1  | Entered Level 1 of the Pits of Slime
 66596 | Slime:5  | Entered Level 5 of the Pits of Slime
 66835 | Slime:5  | Found a viscous altar of Jiyva.
 67040 | Slime:5  | Noticed the Royal Jelly
 67053 | Slime:5  | Killed the Royal Jelly
 67109 | Slime:5  | Got Sif Muna's Precepts of Aerial Blasphemous Magic
 67132 | Slime:5  | Identified the +4 spear of the Imbibing Fox {protect, rElec
                  | rC- Int+3}
 67134 | Slime:5  | Got a slimy rune of Zot
 67154 | Slime:5  | Identified the ring "Jykhlyupu" {Fly rElec rPois Will-
                  | SInv}
 67155 | Slime:5  | Identified the ring of Yciec {Ice Dex+5}
 67176 | Slime:5  | Identified the ring "Xetov" {Ice Str+4}
 67188 | Slime:5  | Identified the +7 great sword of Sioso {antimagic, rC+}
 67566 | Hell     | Entered the Vestibule of Hell
 67568 | Hell     | Noticed Murray
 67579 | Hell     | Killed Murray
 67591 | Hell     | Noticed Geryon
 67617 | Hell     | Killed Geryon
 67637 | Hell     | Found a gateway to the freezing wastes of Cocytus.
 67839 | Hell     | Found a gateway to the ashen valley of Gehenna.
 67890 | Hell     | Found a gateway to the decaying netherworld of Tartarus.
 68017 | Hell     | Found a gateway to the Iron City of Dis.
 68134 | Dis:1    | Entered Level 1 of the Iron City of Dis
 68134 | Dis:1    | You are sucked into a shaft and drop 1 floor!
 68159 | Dis:2    | Reached skill level 23 in Evocations
 68227 | Dis:2    | Killed from afar by an ancient champion

Illustrated notes

Levels and vault maps discovered:
D:1:      dpeg_arrival_tiny_b, layout_basic, serial_co_window_serial,
          co_window_paths_b, co_window_paths_a, co_window_corner_a,
          co_window_of_opportunity_a, co_window_corner_a,
          co_window_of_opportunity_a, co_window_paths_b, co_window_broadway_a,
          co_window_corner_cb, co_window_2corner, co_window_broadway_b,
          glass_columns_b, chequers_serial_rivers_large_b, minmay_octomino_e4
D:2:      layout_loops_corners, uniq_jessica, uniq_robin
D:3:      layout_loops_corners, mainiacjoe_overflow_big_doors,
          serial_bayou_lagoon_a
D:4:      layout_basic, kennysheep_mini, general_overflow_altar
D:5:      layout_cave_pods, mainiacjoe_overflow_tiny_flanked,
          mainiacjoe_overflow_alcove_1, temple_fountains, uniq_ijyb
D:6:      layout_loops_ring, nicolae_uskayaw_dance_studio,
          pdpol_wu_jian_five_deadly_venoms, lemuel_blue_sif_altar,
          minmay_misc_feat_four_crosses, hangedman_decor_lopped, uniq_menkaure,
          uniq_eustachio, uniq_sigmund, uniq_maggie
D:7:      layout_layer_cave, tso_oasis_becter, nicolae_ru_the_path_less_chosen,
          reono_crystal_passage
D:8:      layout_loops_ring, lemuel_doored_altar, st_stairs_8,
          dk_noncrumbling_3, minmay_crystal_water, minmay_misc_feat_rugged,
          kennysheep_path_1, nicolae_wwwww, fountainhead,
          kennysheep_generic_room_9
D:9:      layout_rooms, old_standard_altar, gammafunk_ghost_cemetery,
          minmay_fractal_squares_diagonal_5
D:10:     layout_cave_pods, serial_shops, shop
D:11:     layout_basic, david_lair_generic
D:12:     minmay_complete_graph, layout_small_grid, erik_orc_1
D:13:     layout_basic, david_vaults_1, gauntlet_entry_generic, serial_shops,
          nicolae_shop_stone, shop, shop, shop, zin_scriptorium
D:14:     layout_stronghold, doesnt_xom_only_xom
D:15:     grunt_enter_depths_giant_problem, layout_cave_pools,
          gammafunk_ghost_split, evilmike_ruin_ashenzari, uniq_josephine
Temple:   nicolae_temple_ecumenical_triangle
Lair:1:   layout_cave_pods, uniq_nergalle, uniq_sonja
Lair:2:   layout_long_grid, minmay_shoals_entry_centaurs, beast_lair_carwin_5,
          uniq_harold
Lair:3:   layout_cave_pods, spider_nest_entry_web_field
Lair:4:   gammafunk_lair_enchanted_lake, layout_gridlike,
          minmay_slime_entry_eyes, serial_bayou_shore_a
Lair:5:   wormcave, layout_big_grid, hangedman_lair_in_review,
          serial_bayou_shore_b
Shoals:1: cheibrodos_shoals_satyrical_garden, layout_shoals, st_cyclops
Shoals:2: layout_shoals, serial_shops, shop
Shoals:3: layout_shoals, nicolae_shoals_pincushion_passage, uniq_polyphemus
Shoals:4: shoals_end_grunt_ice, layout_shoals,
          portal_ice_cave_entry_frozen_things
Spider:1: layout_spider_delve
Spider:2: layout_spider_delve
Spider:3: layout_spider_delve, nicolae_spider_moth_buddies, uniq_arachne
Spider:4: grunt_spider_rune_parallel, ebering_ghost_rock_garden
Slime:1:  layout_caves
Slime:2:  layout_caves, nicolae_slime_barrier
Slime:3:  layout_caves
Slime:4:  layout_caves
Slime:5
Orc:1:    layout_caves
Orc:2:    st_orc_rangers, layout_diamond_mine
Elf:1:    minmay_elf_arrival_summoners, layout_geoelf_octagon,
          minmay_elf_sorcery, lemuel_upstairs_altar
Elf:2:    nicolae_elf_blades_splatter_lattice [nicolae_blade_tridents],
          layout_loops_cross, corexii_leaking_fountain, fountainhead,
          uniq_jorgrun
Elf:3:    minmay_elf_hall_curves, layout_loops_corners, minivault_25_ag,
          uniq_bai_suzhen
Vaults:1: nicolae_vaults_little_squares_3, ontoclasm_vaults_idyll, v_misc_25,
          vaults_dpeg_cross, ontoclasm_vaults_hangar, hangedman_vaults_hat,
          vaults_room_door_hall, grunt_vaults_hallway_short, v_misc_25,
          nicolae_vaults_theta, serial_ice_h, layout_vaults_chaotic_city
Vaults:2: v_misc_14, hangedman_vaults_stagger, v_pattern_3, v_rooms_1,
          st_more_cells, nicolae_vaults_hallways_thing, ontoclasm_vaults_twist,
          vaults_room_pools, hangedman_vaults_cutoff,
          nicolae_vaults_angled_halls, layout_vaults_ring, uniq_asterion
Vaults:3: hangedman_vaults_impose, nicolae_vaults_little_squares_2, v_misc_19,
          v_misc_23, st_spiral_rooms, v_misc_9, vaults_mumra_hex,
          layout_vaults_omnigrid, minmay_crypt_entry_simple_corners
Vaults:4: v_misc_23, v_misc_9, v_misc_1, nicolae_vaults_network_s,
          ontoclasm_vaults_fault, v_misc_3, vaults_mumra_minichess, v_misc_14,
          ontoclasm_vaults_ring_square, v_misc_28, nicolae_vaults_rhombus_7,
          ontoclasm_vaults_pinch, nicolae_vaults_little_squares_6,
          layout_vaults_omnicross, uniq_aizul
Vaults:5: serial_shops, uniq_sojobo
Depths:1: layout_basic, enter_ziggurat_a, nicolae_trove_entry_isolated,
          hellmouth_1, hex_tiny, abyss_entry_glasseish, nicolae_diode_quadrants
Depths:2: minmay_the_grid_triangle_9x9_recursive_3_mashed
          [minmay_the_grid_triangle_9x9_skeleton,
          minmay_the_grid_triangle_9x9_shrine,
          minmay_the_grid_triangle_9x9_tough_junction,
          minmay_the_grid_triangle_9x9_prize_insulated,
          minmay_the_grid_triangle_9x9_limited_checkers,
          minmay_the_grid_triangle_9x9_fully_insulated_deathbox,
          minmay_the_grid_triangle_9x9_corrupted_corridor,
          minmay_the_grid_triangle_9x9_checkered,
          minmay_the_grid_triangle_9x9_wacky_v], layout_basic,
          minmay_misc_feat_roman, hell_entry, abyss_entry, pan_entry,
          grunt_ministairs_1, eino_small_chamber_without_monster,
          item_on_display_a, serial_bayou_shore_b, uniq_grunn
Depths:3: vault_1, layout_gridlike, kennysheep_nub, grunt_mini_vestibule,
          abyss_entry, drop_trap, uniq_boris
Depths:4: grunt_zot_entry_pinwheel, layout_gridville, pf_coc_iceberg,
          grunt_pan_entry_zigzag, serial_bayou_ford_a, abyss_entry
Hell
Dis:1:    layout_gridville
Dis:2:    layout_subdivisions, door_vault
Zot:1:    layout_misc_corridors, grunt_megastairs_1
Zot:2:    grunt_twist_and_shout, layout_concentric_octagons
Zot:3:    layout_cellular_growth, st_small_dragon_hoard_1
Zot:4:    grunt_zot_stairs_overgrown, layout_gridlike

Skill      XL: |  1  2  3  4  5  6  7  8  9 10 11 12 13 14 15 16 17 18 19 20 21 22 23 24 25 26 27 |
---------------+----------------------------------------------------------------------------------+-----
Spellcasting   | 5 6 7 8 9 10 11 12 13 14 15 16 17 18 19 | 19.8
Invocations    | 1 2 3 4 5 6 7 8 10 11 12 13 14 15 16 17 18 19 20 | 20.8
Short Blades   | 1 2 3 5 6 7 8 9 10 11 12 13 14 15 16 17 18 19 | 19.3
Long Blades    | 1 2 3 5 6 7 8 9 10 11 12 13 14 15 16 17 18 19 | 19.3
Maces & Flails | 1 2 3 5 6 7 8 9 10 11 12 13 14 15 16 17 18 19 | 19.3
Polearms       | 1 2 3 5 6 7 8 9 10 11 12 13 14 15 16 17 18 19 | 19.3
Staves         | 1 2 3 5 6 7 8 9 10 11 12 13 14 15 16 17 18 19 | 19.3
Ranged Weapons | 1 2 3 5 6 7 8 9 10 11 12 13 14 15 16 17 18 19 | 19.3
Stealth        | 1 2 3 5 6 7 8 9 10 11 12 13 14 15 16 17 18 19 | 19.3
Shields        | 1 2 3 5 6 7 8 9 10 11 12 13 14 15 16 17 18 19 | 19.3
Unarmed Combat | 1 2 3 5 6 7 8 9 10 11 12 13 14 15 16 17 18 19 | 19.3
Evocations     | 1 2 3 5 6 7 8 9 10 11 12 13 15 16 17 18 19 20 21 23 | 23.0
Conjurations   | 1 2 3 4 5 6 7 8 9 10 11 12 13 14 15 16 | 16.4
Hexes          | 1 2 3 4 5 6 7 8 9 10 11 12 13 14 15 16 | 16.4
Summonings     | 1 2 3 4 5 6 7 8 9 10 11 12 13 14 15 16 | 16.4
Necromancy     | 1 2 3 4 5 6 7 8 9 10 11 12 13 14 15 16 | 16.4
Transmutations | 1 2 3 4 5 6 7 8 9 10 11 12 13 14 15 16 | 16.4
Fire Magic     | 1 2 3 4 5 6 7 8 9 10 11 12 13 14 15 16 | 16.4
Ice Magic      | 1 2 3 4 5 6 7 8 9 10 11 12 13 14 15 16 | 16.4
Air Magic      | 1 2 3 4 5 6 7 8 9 10 11 12 13 14 15 16 | 16.4
Earth Magic    | 1 2 3 4 5 6 7 8 9 10 11 12 13 14 15 16 | 16.4
Poison Magic   | 1 2 3 4 5 6 7 8 9 10 11 12 13 14 15 16 | 16.4
Throwing       | 3 4 5 6 7 8 9 10 11 12 13 14 16 17 18 19 20 21 22 | 22.8
Armour         | 3 4 5 6 7 8 9 10 11 12 13 14 15 16 17 18 19 | 19.4
Fighting       | 5 6 7 8 9 10 11 12 13 14 15 16 17 18 19 | 19.7
Axes           | 5 6 7 8 9 10 11 12 13 14 15 16 17 18 19 | 19.7
Dodging        | 5 6 7 8 9 10 11 12 13 14 15 16 17 18 19 | 19.7
Translocations | 6 7 8 9 10 11 12 13 14 15 16 17 | 17.2

Action                   |  1- 3 |  4- 6 |  7- 9 | 10-12 | 13-15 | 16-18 | 19-21 | 22-24 | 25-27 || total
-------------------------+-------+-------+-------+-------+-------+-------+-------+-------+-------++-------
Melee: Hand axe          |   135 |   103 |   314 |   341 |       |       |       |       |       ||   893
       Bite              |    13 |    16 |    54 |    82 |   100 |   196 |   167 |   260 |   416 ||  1304
       Punch             |     2 |     8 |    11 |     3 |       |       |       |       |       ||    24
       Dagger            |       |    95 |       |       |       |       |       |       |       ||    95
       Short sword       |       |       |     6 |       |       |       |       |       |       ||     6
       Quarterstaff      |       |       |       |   170 |   799 |  1229 |       |       |       ||  2198
       Broad axe         |       |       |       |     7 |       |   257 |  1318 |  1434 |  1920 ||  4936
 Fire: Shortbow          |       |       |     3 |       |       |       |       |       |       ||     3
Throw: Dart              |       |     5 |    30 |    24 |    27 |    18 |     3 |       |       ||   107
       Boomerang         |       |     2 |    15 |    45 |     2 |       |       |       |       ||    64
       Javelin           |       |     4 |     6 |     1 |       |     6 |     1 |       |       ||    18
       Throwing net      |       |       |       |     1 |     1 |     3 |     2 |       |       ||     7
 Cast: Blink             |       |     1 |     3 |     3 |     5 |    12 |     2 |     2 |       ||    28
       Call Canine Famil |       |       |     5 |    25 |   118 |    93 |     2 |       |     1 ||   244
       Manifold Assault  |       |       |       |    14 |   134 |   259 |   185 |    91 |   116 ||   799
       Leda's Liquefacti |       |       |       |       |     2 |     2 |     3 |     2 |     3 ||    12
       Statue Form       |       |       |       |       |     3 |    39 |    31 |    31 |     7 ||   111
       Passwall          |       |       |       |       |     1 |       |     1 |       |       ||     2
       Lesser Beckoning  |       |       |       |       |       |    68 |    56 |    59 |   119 ||   302
       Wereblood         |       |       |       |       |       |     6 |     5 |    36 |    21 ||    68
       Passage of Golubr |       |       |       |       |       |     6 |     7 |     1 |     3 ||    17
       Sublimation of Bl |       |       |       |       |       |     1 |       |       |     4 ||     5
       Summon Lightning  |       |       |       |       |       |       |     4 |     3 |    11 ||    18
       Irradiate         |       |       |       |       |       |       |     2 |     2 |     4 ||     8
       Storm Form        |       |       |       |       |       |       |       |     1 |       ||     1
       Dispersal         |       |       |       |       |       |       |       |       |     2 ||     2
Invok: Temporal Distorti |       |       |       |       |     1 |       |       |       |       ||     1
       Slouch            |       |       |       |       |       |       |     1 |       |     1 ||     2
       Step From Time    |       |       |       |       |       |       |       |     1 |       ||     1
Evoke: Wand              |       |       |    18 |     7 |    11 |    13 |     3 |       |     4 ||    56
       Phantom mirror    |       |       |       |       |     1 |     2 |     1 |     1 |       ||     5
       Condenser vane    |       |       |       |       |       |     4 |     1 |     1 |     4 ||    10
       Box of beasts     |       |       |       |       |       |     2 |       |       |     1 ||     3
       Phial of floods   |       |       |       |       |       |       |       |     1 |     1 ||     2
       Horn of Geryon    |       |       |       |       |       |       |       |       |     1 ||     1
       Lightning rod     |       |       |       |       |       |       |       |       |     1 ||     1
       Tin of tremorston |       |       |       |       |       |       |       |       |     1 ||     1
  Use: Scroll            |     1 |     3 |     5 |    17 |     6 |    14 |     8 |     8 |     7 ||    69
       Potion            |       |     1 |     1 |     4 |     4 |     6 |     2 |     6 |     5 ||    29
 Stab: Sleeping          |     4 |     4 |     2 |     2 |     1 |     7 |    28 |    12 |    13 ||    73
       Paralysed         |       |       |    17 |     1 |       |       |       |       |       ||    18
       Held in net/web   |       |       |       |     2 |       |       |     1 |       |       ||     3
       Distracted        |       |       |       |     1 |    10 |     9 |     3 |     5 |    14 ||    42
       Invisible         |       |       |       |       |       |     1 |     2 |       |     1 ||     4
       Confused          |       |       |       |       |       |       |       |       |     7 ||     7
Armor: Leather armour    |    28 |    44 |    25 |       |       |       |       |       |       ||    97
       Swamp dragon scal |       |       |    59 |    59 |       |       |       |       |       ||   118
       Scale mail        |       |       |       |   108 |   180 |   214 |    76 |    87 |   210 ||   875
       Skin              |       |       |       |       |    10 |   178 |   131 |   116 |    48 ||   483
       Plate armour      |       |       |       |       |       |       |       |       |    38 ||    38
Dodge: Dodged            |    75 |   110 |   221 |   329 |   577 |  1476 |   725 |   998 |  1065 ||  5576
Block: Buckler           |       |       |       |    77 |       |       |       |       |       ||    77
       Kite shield       |       |       |       |       |       |   212 |   950 |  1151 |  1304 ||  3617

Table legend: (Time is in decaauts)
 A = Elapsed time spent in this place.
 B = Non-inter-level travel time spent in this place.
 C = Inter-level travel time spent in this place.
 D = Time resting spent in this place.
 E = Time spent auto-exploring this place.
 F = Levels seen in this place.
 G = Mean time per level.
                   A        B        C        D        E       F      G
               +--------+--------+--------+--------+--------+-----+--------+
         Total | 103813 |  93035 |  10778 |   4584 |  56715 |  61 | 1701.9 |
       Dungeon |  29363 |  25260 |   4103 |   1088 |  18711 |  15 | 1957.5 |
        Temple |     13 |      8 |      5 |      0 |      0 |   1 |   13.0 |
          Lair |  10999 |   9910 |   1089 |    490 |   6500 |   5 | 2199.8 |
        Shoals |   9110 |   8661 |    449 |     91 |   6321 |   4 | 2277.5 |
   Spider Nest |   8228 |   7961 |    267 |    847 |   4450 |   4 | 2057.0 |
    Slime Pits |   1331 |   1223 |    108 |    209 |      0 |   5 |  266.2 |
  Orcish Mines |   4406 |   3557 |    849 |    248 |   2414 |   2 | 2203.0 |
   Elven Halls |   7422 |   6786 |    636 |    871 |   2856 |   3 | 2474.0 |
        Vaults |  13416 |  12395 |   1021 |    184 |   7861 |   5 | 2683.2 |
        Depths |   9343 |   7704 |   1639 |    169 |   5191 |   4 | 2335.8 |
          Hell |    866 |    792 |     74 |      0 |    460 |   1 |  866.0 |
           Dis |     96 |     96 |      0 |     31 |      0 |   2 |   48.0 |
           Zot |   5417 |   4883 |    534 |    129 |   1875 |   4 | 1354.2 |
         Abyss |   1737 |   1737 |      0 |      0 |     18 |   3 |  579.0 |
         Trove |    129 |    129 |      0 |      0 |      0 |   1 |  129.0 |
      Ice Cave |    999 |    999 |      0 |    223 |     56 |   1 |  999.0 |
      Gauntlet |    928 |    928 |      0 |      0 |      0 |   1 |  928.0 |
               +--------+--------+--------+--------+--------+-----+--------+

Top non-repeatable levels by time:
    D:12: 4855 daAuts
    D:13: 3371 daAuts
    D:14: 3293 daAuts
   Orc:2: 3283 daAuts
Vaults:5: 2918 daAuts
Vaults:4: 2876 daAuts
Vaults:1: 2792 daAuts
   Elf:2: 2746 daAuts
Spider:3: 2698 daAuts
Shoals:4: 2662 daAuts
   Elf:3: 2655 daAuts
Vaults:3: 2650 daAuts
Depths:3: 2631 daAuts
    D:11: 2547 daAuts
Shoals:1: 2477 daAuts
